 Dungeon Crawl Stone Soup version 0.27.0-1-g7a089689b8 (webtiles) character file.

Game seed: 18247151699377292555

51 dolemite99 the Poker (level 3, -4/29 HPs)
             Began as a Merfolk Abyssal Knight on Aug 7, 2021.
             Was a Believer of Lugonu.
             Killed from afar by an orc wizard (8 damage)
             ... with a magic dart
             ... on level 1 of the Dungeon.
             The game lasted 00:01:45 (1934 turns).

dolemite99 the Poker (Merfolk Abyssal Knight)       Turns: 1934, Time: 00:01:46

Health: -4/29      AC:  3    Str: 13    XL:     3   Next: 81%
Magic:  4/4        EV: 11    Int: 11    God:    Lugonu [**....]
Gold:   53         SH:  3    Dex: 13    Spells: 2/2 levels left

rFire    . . .     SeeInvis .   a - +1 spear
rCold    . . .     Faith    .   i - +0 buckler
rNeg     . . .     Spirit   .   b - +0 leather armour
rPois    .         Reflect  .   (no helmet)
rElec    .         Harm     .   (no cloak)
rCorr    .         Rampage  .   (no gloves)
Will     .....                  (no boots)
Stlth    +.........             (no amulet)
HPRegen  0.09/turn              (no ring)
MPRegen  0.09/turn              (no ring)

@: no status effects
A: (nimble swimmer 2), mertail
a: Renounce Religion, Depart the Abyss, Bend Space


You were on level 1 of the Dungeon.
You worshipped Lugonu.
Lugonu was pleased with you.
You visited 1 branch of the dungeon, and saw 2 of its levels.
You visited the Abyss 1 time.

You collected 53 gold pieces.

Inventory:

Hand Weapons
 a - a +1 spear (weapon)
Missiles
 c - 11 arrows
 d - 84 stones
Armour
 b - a +0 leather armour (worn)
 i - a +0 buckler (worn)
Scrolls
 e - a scroll of enchant armour {unknown}
 f - 2 scrolls of identify {unknown}
 g - a scroll of brand weapon {unknown}
Potions
 h - a potion of degeneration {unknown}
 j - 2 potions of attraction {unknown}


   Skills:
 - Level 3.2 Fighting
 + Level 5.9 Polearms
 - Level 0.6 Armour
 - Level 2.6 Dodging
 - Level 2.0 Invocations


You had 2 spell levels left.
You didn't know any spells.
Your spell library was empty.

Dungeon Overview and Level Annotations

Branches:
Dungeon (2/15)

Altars:

Annotations:
D:1 exclusion: downstairs


Innate Abilities, Weirdness & Mutations

((You are quick and stealthy near water. (Stealth+, EV+, Speed+++)))
Your lower body shifts to a powerful aquatic tail in water.


Message History

The orc is heavily wounded.
You block the orc's attack.
You hit the orc.
The orc is severely wounded.
The orc hits you with a +0 hand axe.
You hit the orc.
You kill the orc!
Lugonu accepts your kill.
No target in view!
No target in view!
You climb downwards.
You block the gnoll's attack.
There is a stone staircase leading up here.
The gnoll barely misses you. The orc wizard closely misses you.
You climb upwards.
Level annotation: exclusion: downstairs
There is a stone staircase leading down here.
You hit the gnoll but do no damage. You block the gnoll's attack.
The orc wizard hits you with a +0 dagger.
You hit the gnoll.
The gnoll is moderately wounded.
The gnoll hits you with a +0 spear.
The orc wizard points at you and mumbles some strange words.
The magic dart hits you!
You barely miss the gnoll.
The gnoll is moderately wounded.
The gnoll misses you. The orc wizard casts a spell at you.
You resist with significant effort. You block the gnoll's attack.
The orc wizard misses you.
Things that are here:
a +0 whip; an orc corpse The orc wizard casts a spell.
The orc wizard flickers and vanishes!
Deactivating autopickup; reactivate with Ctrl-A.
A magic dart appears from out of thin air!
The magic dart hits you!
* * * LOW HITPOINT WARNING * * *
A magic dart appears from out of thin air!
The magic dart hits you!
You die...

#.#...#####.#
##.##.## #.######
#.)!..# #.......
#.>#### #########
#{)# ##.#######
#.g# ##.........
#..# ##.....#####
#..## #...........
#.@.#####.....####.
#.#.##.......## #.
#.#.#.......## #.
#........#.## #.
###.#......#######.
#.##.#####.......
#.##.# #.#####.
#.##.# #.# #.
#.##.# #.# #.


You could see a gnoll.

Vanquished Creatures
  A gnoll (D:1)
  An adder (D:1)
  3 orcs (D:1)
  6 ball pythons
  3 endoplasms
  A hobgoblin (D:1)
  3 jackals (D:1)
  2 kobolds (D:1)
  A quokka (D:1)
  3 bats
  4 rats
28 creatures vanquished.

Notes
Turn   | Place    | Note
-------+----------+-------------------------------------------
     0 | Abyss:1  | dolemite99 the Merfolk Abyssal Knight began the quest for
                  | the Orb.
     0 | Abyss:1  | Reached XP level 1. HP: 18/18 MP: 2/2
    19 | D:1      | Escaped the Abyss
   223 | D:1      | Found a faded altar of an unknown god.
   239 | D:1      | Reached skill level 4 in Polearms
   239 | D:1      | Reached XP level 2. HP: 24/24 MP: 3/3
   889 | D:1      | Reached skill level 5 in Polearms
   889 | D:1      | Reached XP level 3. HP: 10/29 MP: 4/4
  1317 | D:2      | Reached ** piety under Lugonu
  1934 | D:1      | Killed from afar by an orc wizard

Illustrated notes

Levels and vault maps discovered:
D:1:      amcnicky_arrival_underground_garden, layout_loops_ring,
          hellmonk_ecumenical_altar_pennies_from_heaven, glass_columns_c,
          minmay_misc_feat_encased
D:2:      layout_basic, serial_shops, nicolae_lakefront_shop

Skill      XL: |  1  2 |
---------------+-------+-----
Polearms       | 4 5 |  5.9
Fighting       | |  3.2
Armour         | |  0.6
Dodging        | |  2.6
Invocations    | |  2.0

Action                   || total
-------------------------++-------
Melee: Spear             ||   111
 Stab: Sleeping          ||     1
Armor: Leather armour    ||    30
Dodge: Dodged            ||    76
Block: Buckler           ||    10
